 Dungeon Crawl Stone Soup version 0.27.0-1-g7a089689b8 (webtiles) character file.

Game seed: 17574784330642466460

17265 Angani the Grappler (level 6, 0/79 HPs)
             Began as a Troll Monk on Aug 7, 2021.
             Was a Follower of Wu Jian.
             Slain by a wolf spider simulacrum (9 damage)
             ... in a Gauntlet.
             The game lasted 00:33:20 (10809 turns).

Angani the Grappler (Troll Monk)                   Turns: 10809, Time: 00:33:20

Health: 0/79       AC:  5    Str: 24    XL:     6   Next: 17%
Magic:  14/14      EV: 10    Int:  9    God:    Wu Jian [*.....]
Gold:   809        SH: 14    Dex: 16    Spells: 5/5 levels left

rFire    + . .     SeeInvis .     - Unarmed
rCold    . . .     Faith    +   q - +2 kite shield {rN+}
rNeg     + . .     Spirit   .   a - +0 robe
rPois    .         Reflect  .   (helmet restricted)
rElec    .         Harm     .   p - +0 cloak
rCorr    .         Rampage  .   (gloves unavailable)
Will     .....     NoTele   +   (boots unavailable)
Stlth    +++.......             u - amulet of faith
HPRegen  1.23/turn              r - ring of magical power
MPRegen  0.14/turn              E - ring "Adacveg" {Fly rF+ Int+3 Dex+4 Stlth+}

@: flying, studying 2 skills
A: large, unfitting armour, claws 3, regeneration 1, shaggy fur 1, tough skin 1,
hated by all, inexperienced 3
a: Renounce Religion


You were in a Gauntlet.
You worshipped Wu Jian.
Wu Jian was aware of your devotion.
You visited 2 branches of the dungeon, and saw 12 of its levels.
You also visited: Sewer, Bailey and Gauntlet.

You collected 1127 gold pieces.
You spent 318 gold pieces at shops.

Inventory:

Armour
 a - a +0 robe (worn)
 f - a +0 tower shield
 p - a +0 cloak (worn)
 q - a +2 kite shield of positive energy (worn)
Jewellery
 r - a ring of magical power (left claw)
 u - an amulet of faith (around neck)
 x - a ring of fire
 E - the ring "Adacveg" (right claw) {Fly rF+ Int+3 Dex+4 Stlth+}
   (You found it on level 11 of the Dungeon)

   [ring of flight]

   Int:       It affects your intelligence (+3).
   Dex:       It affects your dexterity (+4).
   rF:        It protects you from fire.
   Fly:       It grants you flight.
   Stlth:     It makes you more stealthy.
Wands
 y - a wand of digging (11)
 C - a wand of acid (2)
Scrolls
 c - 2 scrolls of immolation {unknown}
 d - a scroll of brand weapon {unknown}
 e - 8 scrolls of identify {unknown}
 i - 4 scrolls of noise {unknown}
 j - 3 scrolls of magic mapping {unknown}
 k - a scroll of summoning {unknown}
 l - 3 scrolls of holy word {unknown}
 n - 2 scrolls of teleportation {unknown}
 o - 2 scrolls of torment {unknown}
 v - 2 scrolls of fear {unknown}
 w - 3 scrolls of vulnerability {unknown}
 B - 3 scrolls of enchant weapon
 D - 2 scrolls of amnesia {unknown}
Potions
 b - 4 potions of heal wounds
 g - 3 potions of degeneration {unknown}
 h - 2 potions of mutation {unknown}
 m - 3 potions of curing {unknown}
 s - 2 potions of brilliance {unknown}
 t - 3 potions of might {unknown}
 z - 2 potions of ambrosia {unknown}
 A - a potion of flight {unknown}


   Skills:
 + Level 10.8 Fighting
 - Level 2.4 Dodging
 - Level 1.0 Stealth
 + Level 10.3 Shields
 + Level 12.1 Unarmed Combat


You had 5 spell levels left.
You didn't know any spells.
Your spell library contained the following spells:

 Spells                   Type           Power      Damage    Failure   Level
 Blink                    Tloc           N/A        N/A       52%         2
 Passwall                 Tmut/Erth      0%         N/A       52%         2
 Slow                     Hex            0%         N/A       52%         2
 Confusing Touch          Hex            0%         N/A       77%         3
 Lesser Beckoning         Tloc           0%         N/A       77%         3
 Swiftness                Air            0%         N/A       77%         3
 Olgreb's Toxic Radiance  Pois           0%         N/A       99%         4
 Manifold Assault         Tloc           0%         N/A       100%        5
 Yara's Violent Unravell  Hex/Tmut       0%         3d3       100%        5
 Invisibility             Hex            0%         N/A       100%        6
 Ozocubu's Refrigeration  Ice            0%         4d5       100%        7
 Ignition                 Fire           0%         3d3       100%        8


Dungeon Overview and Level Annotations

Branches:
Dungeon (11/15)            Temple (1/1) D:4            Lair (0/6) D:11
  Sewer (visited)          Bailey (visited)         Gauntlet (1/1)
    Orc: D:9-12

Altars:
Ashenzari
Cheibriados
Dithmenos
Elyvilon
Fedhas
Gozag
Hepliaklqana
Kikubaaqudgha
Makhleb
Nemelex Xobeh
Okawaru
Qazlal
Ru
Sif Muna
Trog
Uskayaw
Vehumet
Wu Jian
Xom
Yredelemnul
Zin
The Shining One

Shops:
D:2 [   D:3 [   D:10 :

Annotations:
D:5 1 runed translucent door, Fv001's ghost, novice GrEE
D:7 3 runed translucent doors, exclusion: 3 doors, Majang's ghost, novice MiDe
D:9 exclusion: 2 doors Gauntlet 8 transporters, 21 runed translucent doors


Innate Abilities, Weirdness & Mutations

You are too large for most types of armour.
You have claws for hands.
Your natural rate of healing is unusually fast.
You are covered in fur. (AC +1)
You have tough skin. (AC +1)
You are hated by all.
You are extremely inexperienced. (-6 XL)


Message History

The bolt of acid hits the wolf.
The wolf is splashed with acid.
The acid corrodes the wolf!
You kill the wolf!
The Council accepts your kill.
You hear a howl! x2
Unknown command.
You start resting.
You hear a howl!
The wolf is no longer berserk.
You start resting.
You hear a howl!
The wolf howls!
The wolf rages.
The wolf is no longer berserk.
The wolf looks more energetic.
You start resting.
The wolf looks more energetic.
You start resting.
HP restored.
There is a transporter here.
You enter the transporter and appear at another place.
Press: ? - help, v - describe, . - travel, g - get item Item here: a shiny barding.
The floor.
You block the wolf spider simulacrum's attack.
The wolf spider simulacrum misses you.
You see here a +0 barding of flying.
You see here a brown potion.
t - 3 brown potions (gained 1)
You block the wolf spider simulacrum's attack.
The wolf spider simulacrum bites you.
The wolf spider simulacrum freezes you!!
There is a transporter here.
You enter the transporter and appear at another place.
You block the wolf spider simulacrum's attack.
The wolf spider simulacrum bites you!
The wolf spider simulacrum freezes you!!
* * * LOW HITPOINT WARNING * * *
You block the wolf spider simulacrum's attack.
The wolf spider simulacrum bites you!
You die...

#8#..#....©....#©.©#≈≈.≈.≈.
###..##.#.#.#.##...#..≈...≈
#..#.#######Z#####.≈≈.≈≈.
###..#....Z....#...#.≈..≈..
#8#..#.........#.8.#.≈.hh≈≈
###..###########..§########
#.....#.©.#..§§§.........
###...8.#...#..§≈8≈........
#8#.....#Z@.#..§.§.........
###..###########...########
#..##.##....##.8.#...}©?h
###..#.#..##.#.#...#h.#...#
#8#..##.....##.#####h######
###..#.###..#.##...##..#.#h
#..#§.##.#.###§.©#yh..©..
###..#..###....#..†##..#.#.
#8#..#Z##.#.#.######.##...#


You could see a wolf spider simulacrum and 2 centaur warrior simulacra.

Vanquished Creatures
  A boulder beetle (D:9)
  2 two-headed ogres
  Nergalle (D:10)
  Pikel (D:5)
  An ugly thing (D:9)
  2 gargoyles
  A kobold demonologist (D:6)
  A tengu conjurer (D:9)
  A freezing wraith (D:9)
  A troll (D:6)
  2 hornets
  3 wyverns
  A vampire (D:7)
  3 wraiths
  20 yaks
  A steam dragon (D:8)
  A basilisk (D:11)
  A vampire mosquito (D:9)
  2 acid dragons
  3 water moccasins
  11 orc warriors
  5 ice beasts
  3 sky beasts
  4 necrophages
  An ogre (D:7)
  3 wolves
  15 centaurs
  2 lemures (D:5)
  7 bullfrogs
  3 scorpions
  A water moccasin zombie (D:6)
  11 killer bees
  4 wights (D:9)
  2 howler monkeys
  2 bullfrog zombies
  4 centaur zombies
  2 hounds
  3 orc priests
  4 jellies
  A bullfrog skeleton (D:7)
  3 iguanas
  11 orc wizards
  3 hound skeletons (D:4)
  A howler monkey zombie (D:7)
  14 adders
  6 gnolls
  A shadow imp (D:7)
  3 white imps
  An ufetubus (D:4)
  2 worms (D:2)
  4 dart slugs
  40 orcs
  9 ball pythons
  5 bats
  17 endoplasms
  5 giant cockroaches
  8 hobgoblins
  11 jackals
  11 quokkas
  6 frilled lizards (Sewer)
  11 goblins
  10 kobolds
  3 rats
322 creatures vanquished.

Vanquished Creatures (others)
  A yak (D:9)
  6 fungi
  16 plants (D:11)
  6 withered plants (Gauntlet)
29 creatures vanquished.

Grand Total: 351 creatures vanquished

Notes
Turn   | Place    | Note
-------+----------+-------------------------------------------
     0 | D:1      | Angani the Troll Monk began the quest for the Orb.
     0 | D:1      | Reached XP level 1. HP: 22/22 MP: 0/0
    77 | D:1      | Reached XP level 2. HP: 18/29 MP: 1/1
   313 | D:1      | Found a faded altar of an unknown god.
   614 | D:1      | Reached XP level 3. HP: 36/36 MP: 2/2
   736 | D:2      | Reached skill level 4 in Unarmed Combat
  1042 | D:2      | Reached XP level 4. HP: 39/45 MP: 3/3
  1108 | D:2      | Found Leoruruhe's Armour Boutique.
  1116 | D:2      | Bought a +0 tower shield for 54 gold pieces
  1668 | D:3      | Reached skill level 1 in Shields
  1668 | D:3      | Reached XP level 5. HP: 31/53 MP: 4/4
  1672 | D:3      | Reached skill level 5 in Unarmed Combat
  1738 | D:3      | Found a broken altar of Ashenzari.
  1962 | D:3      | Found Megutim's Antique Armour Shoppe.
  2062 | D:3      | Noticed a sky beast
  2084 | D:3      | Killed a sky beast
  2085 | D:3      | Reached XP level 6. HP: 33/62 MP: 5/5
  2105 | D:3      | Found a glowing drain.
  2118 | Sewer    | Entered a sewer
  2465 | D:4      | Found a staircase to the Ecumenical Temple.
  2480 | Temple   | Entered the Ecumenical Temple
  2591 | Temple   | Became a worshipper of Ru the Awakened
  2611 | Temple   | Gained mutation: You are hated by all. [Ru sacrifice]
  2611 | Temple   | Reached * piety under Ru
  2935 | D:4      | Reached XP level 7. HP: 70/70 MP: 6/6
  3190 | D:4      | Reached skill level 6 in Unarmed Combat
  3426 | D:3      | Bought a cloak for 99 gold pieces
  3426 | D:3      | Bought a glowing kite shield for 165 gold pieces
  3630 | D:5      | Entered Level 5 of the Dungeon
  3805 | D:5      | Noticed Pikel
  3820 | D:5      | Killed Pikel
  3821 | D:5      | Reached skill level 5 in Fighting
  3821 | D:5      | Reached skill level 7 in Unarmed Combat
  3821 | D:5      | Reached XP level 8. HP: 74/81 MP: 7/7
  3838 | D:5      | Found a white marble altar of Elyvilon.
  3896 | D:5      | Noticed Fv001's ghost (novice GrEE)
  3898 | D:5      | Found a runed translucent door.
  4273 | D:6      | Found a shadowy altar of Dithmenos.
  4331 | D:6      | Reached skill level 5 in Shields
  4337 | D:6      | Reached skill level 8 in Unarmed Combat
  4337 | D:6      | Reached XP level 9. HP: 72/89 MP: 8/8
  4549 | D:6      | Gained mutation: You are somewhat inexperienced. (-2 XL)
                  | [Ru sacrifice]
  4549 | D:6      | Reached XP level 8. HP: 84/84 MP: 16/16
  4549 | D:6      | Reached XP level 7. HP: 76/76 MP: 15/15
  4549 | D:6      | Reached ** piety under Ru
  4549 | D:6      | Reached *** piety under Ru
  4570 | D:6      | Noticed a troll
  4570 | D:6      | Noticed a kobold demonologist
  4588 | D:6      | Killed a troll
  4640 | D:6      | Killed a kobold demonologist
  4738 | D:6      | Reached skill level 9 in Unarmed Combat
  4860 | D:7      | Found a stormy altar of Qazlal.
  4967 | D:7      | Reached XP level 8. HP: 75/87 MP: 7/7
  5242 | D:7      | Found a runed translucent gate.
  5242 | D:7      | Found a runed translucent gate.
  5242 | D:7      | Found a runed translucent gate.
  5245 | D:7      | Noticed Majang's ghost (novice MiDe)
  5660 | D:8      | Found an iron altar of Okawaru.
  5693 | D:7      | Gained mutation: You are inexperienced. (-4 XL) [Ru
                  | sacrifice]
  5693 | D:7      | Reached XP level 7. HP: 75/79 MP: 15/15
  5693 | D:7      | Reached XP level 6. HP: 72/72 MP: 14/14
  5693 | D:7      | Reached **** piety under Ru
  5693 | D:7      | Reached ***** piety under Ru
  5783 | D:8      | Paralysed by a hornet for 1 turns
  5845 | D:8      | Reached skill level 10 in Unarmed Combat
  6106 | D:8      | Found a glowing golden altar of the Shining One.
  6722 | D:9      | Noticed a red ugly thing
  6732 | D:9      | Killed a red ugly thing
  6886 | D:9      | Reached XP level 7. HP: 31/77 MP: 6/6
  7395 | D:9      | Noticed a boulder beetle
  7438 | D:9      | Killed a boulder beetle
  7630 | D:10     | Entered Level 10 of the Dungeon
  7635 | D:10     | Noticed a two-headed ogre
  7648 | D:9      | Reached skill level 11 in Unarmed Combat
  7771 | D:10     | Found Kaos's Book Emporium.
  7795 | D:10     | Gained mutation: You are extremely inexperienced. (-6 XL)
                  | [Ru sacrifice]
  7795 | D:10     | Reached XP level 6. HP: 61/68 MP: 14/14
  7795 | D:10     | Reached XP level 5. HP: 60/60 MP: 13/13
  7795 | D:10     | Reached ****** piety under Ru
  7804 | D:10     | Found a flagged portal.
  7809 | Bailey   | Entered a bailey
  8896 | Temple   | Fell from the grace of Ru
  8896 | Temple   | Became a worshipper of the Wu Jian Council
  9594 | D:10     | Noticed Nergalle
  9601 | D:10     | Killed Nergalle
  9635 | D:10     | Reached skill level 10 in Fighting
  9673 | D:10     | Killed a two-headed ogre
 10062 | D:11     | Reached * piety under Wu Jian
 10093 | D:11     | Noticed a two-headed ogre
 10105 | D:11     | Killed a two-headed ogre
 10142 | D:11     | Reached XP level 6. HP: 69/79 MP: 5/5
 10151 | D:11     | Reached skill level 10 in Shields
 10236 | D:11     | Found a staircase to the Lair.
 10244 | D:11     | Reached skill level 12 in Unarmed Combat
 10300 | D:11     | Identified the ring "Adacveg" {Fly rF+ Int+3 Dex+4 Stlth+}
 10378 | D:11     | Found a gate leading to a gauntlet.
 10382 | D:11     | Noticed a two-headed ogre
 10387 | Gauntlet | Entered a Gauntlet
 10387 | Gauntlet | Found a transporter.
 10387 | Gauntlet | Found a transporter.
 10392 | Gauntlet | Found a transporter.
 10392 | Gauntlet | Found a transporter.
 10392 | Gauntlet | Found a transporter.
 10394 | Gauntlet | Found a large runed translucent door.
 10395 | Gauntlet | Found a large runed translucent door.
 10396 | Gauntlet | Found a large runed translucent door.
 10396 | Gauntlet | Found a large runed translucent door.
 10396 | Gauntlet | Found a runed translucent door.
 10396 | Gauntlet | Found a runed translucent door.
 10397 | Gauntlet | Found a large runed translucent door.
 10398 | Gauntlet | Found a large runed translucent door.
 10399 | Gauntlet | Found a large runed translucent door.
 10399 | Gauntlet | Found a large runed translucent door.
 10400 | Gauntlet | Found a runed translucent gate.
 10400 | Gauntlet | Found a runed translucent gate.
 10400 | Gauntlet | Found a runed translucent gate.
 10402 | Gauntlet | Found a transporter.
 10405 | Gauntlet | Noticed an entropy weaver
 10413 | Gauntlet | Found a large runed translucent door.
 10414 | Gauntlet | Found a large runed translucent door.
 10415 | Gauntlet | Found a large runed translucent door.
 10422 | Gauntlet | Found a large runed translucent door.
 10424 | Gauntlet | Found a large runed translucent door.
 10424 | Gauntlet | Found a large runed translucent door.
 10425 | Gauntlet | Found a large runed translucent door.
 10426 | Gauntlet | Found a large runed translucent door.
 10469 | Gauntlet | Found a transporter.
 10479 | Gauntlet | Found a transporter.
 10494 | Gauntlet | Found a transporter.
 10506 | Gauntlet | Found a transporter.
 10519 | Gauntlet | Found a transporter.
 10525 | Gauntlet | Found a transporter.
 10809 | Gauntlet | Slain by a wolf spider simulacrum

Illustrated notes

Levels and vault maps discovered:
D:1:      grunt_arrival_crossed_arrows, layout_basic,
          dreamdust_ecumenical_altar_hidden_monk_grotto,
          minmay_misc_feat_encased
D:2:      layout_loops_corners, serial_shops, nicolae_shop_trees
D:3:      layout_rooms, mainiacjoe_overflow_brackets, serial_shops,
          nicolae_square_shop, portal_sewer_entry_d
D:4:      minmay_polygon_palace, layout_loops_ring, minmay_temple_entry_grid
D:5:      layout_rooms, kennysheep_mini_moat, elyvilon_altar_1,
          hellmonk_ghost_happy_afterlife, uniq_pikel
D:6:      layout_cave_pools, mainiacjoe_overflow_six_doors_small, serial_rivers,
          chequers_serial_rivers_room_b, chequers_serial_rivers_micro_e,
          chequers_serial_rivers_micro_d, chequers_serial_rivers_small_b,
          chequers_serial_rivers_micro_a
D:7:      minmay_octagon_keep, layout_rooms, nicolae_qazlal_style_of_elements,
          serial_rivers, chequers_serial_rivers_small_a,
          chequers_serial_rivers_marsh, chequers_serial_rivers_micro_c,
          chequers_serial_rivers_large_a, ebering_ghost_rock_garden
D:8:      layout_loops_ring, okawaru_ov_weapons_minmay,
          mainiacjoe_overflow_catwalk
D:9:      layout_loops_cross, fungi_pond_lemuel, minmay_the_grid_2x2
          [minmay_the_grid_pillar_ring, minmay_the_grid_minigrid_large,
          minmay_the_grid_broken_lines, minmay_the_grid_prize_four_corners]
D:10:     layout_loops_cross, enter_bailey_3, serial_shops,
          nicolae_stop_n_shop_1, uniq_nergalle
D:11:     layout_basic, minmay_lair_entry_grove, orc_0_dummy, serial_glass,
          glass_columns_a, glass_columns_b, gauntlet_entry_generic,
          minmay_misc_feat_ornament, eat_drink_and_be_merry_uskayaw
Temple:   regret_index_temple_waves
Gauntlet: gammafunk_gauntlet_shortcut [gammafunk_gauntlet_arena_split_diamond,
          minmay_gauntlet_arena_make_your_own_arena,
          gammafunk_gauntlet_arena_chambers, gammafunk_gauntlet_arena_mazey,
          gammafunk_gauntlet_arena_teeth, nicolae_gauntlet_arena_flowing_pool,
          nicolae_gauntlet_exit_dead_adventurers]

Skill      XL: |  1  2  3  4  5  6  7  8 |
---------------+-------------------------+-----
Fighting       | 3 10 8 9 6 | 10.8
Unarmed Combat | 4 5 12 11 8 | 12.1
Shields        | 1 9 10 8 7 | 10.3
Dodging        | |  2.4
Stealth        | |  1.0

Action                   |  1- 3 |  4- 6 |  7- 9 || total
-------------------------+-------+-------+-------++-------
Melee: Unarmed           |    70 |   468 |   420 ||   958
       Punch             |     1 |       |       ||     1
Throw: Throwing net      |       |       |     2 ||     2
Invok: Power Leap        |       |     8 |       ||     8
       Lunge             |       |     3 |       ||     3
       Apocalypse        |       |     3 |     2 ||     5
       Sacrifice Experie |       |     2 |     1 ||     3
       Draw Out Power    |       |     1 |     1 ||     2
       Sacrifice Love    |       |     1 |       ||     1
       Whirlwind         |       |     1 |       ||     1
Evoke: Wand              |       |    13 |       ||    13
 Stab: Sleeping          |     3 |     5 |     2 ||    10
       Paralysed         |       |     2 |     2 ||     4
       Distracted        |       |     1 |     4 ||     5
       Invisible         |       |       |     2 ||     2
Armor: Robe              |    14 |   103 |    76 ||   193
Dodge: Dodged            |    26 |   116 |    78 ||   220
Block: Tower shield      |       |   100 |    64 ||   164
       Kite shield       |       |   181 |   166 ||   347
